 Dungeon Crawl Stone Soup version 0.23.2 (webtiles) character file.

Game seed: 1232044973706271768

9355 Mrkaede the Fighter (level 11, -7/97 HPs)
             Began as a Minotaur Fighter on Apr 6, 2019.
             Was a High Priest of the Shining One.
             Shot with an arrow by a deep elf knight (17 damage)
             ... on level 10 of the Dungeon.
             The game lasted 00:24:31 (9202 turns).

Mrkaede the Fighter (Minotaur Fighter)              Turns: 9202, Time: 00:24:31

Health: -7/97      AC:  9    Str: 23    XL:     11   Next: 22%
Magic:  13/13      EV: 13    Int:  5    God:    the Shining One [*****.]
Gold:   551        SH: 14    Dex: 11    Spells: 10/10 levels left

rFire    . . .     SeeInvis .   a - +0 long sword
rCold    . . .     Gourm    .   c - +0 shield
rNeg     + + .     Faith    .   K - +2 leather armour {MR+}
rPois    +         Spirit   .   (helmet restricted)
rElec    .         Reflect  +   e - +2 cloak
rCorr    .         Harm     .   (no gloves)
MR       ++...                  (no boots)
Stlth    +.........             t - +2 amulet of reflection
HPRegen  0.26/turn              C - ring of protection from magic
MPRegen  0.13/turn              A - ring of poison resistance

@: hasted, glowing, very quick
A: retaliatory headbutt, horns 2
a: Divine Shield, Cleansing Flame, Summon Divine Warrior, Renounce Religion


You were on level 10 of the Dungeon.
You worshipped the Shining One.
The Shining One was extremely pleased with you.
You were not hungry.

You visited 1 branch of the dungeon, and saw 10 of its levels.
You also visited: Ossuary.

You collected 551 gold pieces.

Inventory:

Hand Weapons
 a - a +0 long sword (weapon)
Missiles
 j - 9 tomahawks (quivered)
Armour
 b - a +0 scale mail
 c - a +0 shield (worn)
 e - a +2 cloak (worn)
 E - a +0 leather armour
 K - a +2 leather armour of magic resistance (worn)
Jewellery
 t - a +2 amulet of reflection (around neck)
 y - an uncursed ring of see invisible
 A - a ring of poison resistance (right hand)
 C - a ring of protection from magic (left hand)
Wands
 B - a wand of polymorph (9)
 F - a wand of paralysis (5)
Scrolls
 g - a scroll of magic mapping
 h - 6 scrolls of remove curse
 i - a scroll of enchant weapon
 k - a scroll of fog
 m - a scroll of blinking
 n - 4 scrolls of immolation
 q - 2 scrolls of fear
 r - 8 scrolls of teleportation
 x - a scroll of silence {unknown}
 D - 2 scrolls of noise {unknown}
 G - a scroll of amnesia
 H - a scroll of identify
Potions
 d - a potion of might
 l - 2 potions of curing
 o - 3 potions of invisibility
 s - 5 potions of degeneration
 u - a potion of brilliance
 v - a potion of heal wounds
 w - a potion of resistance
 z - 2 potions of flight
 I - 2 potions of ambrosia
Comestibles
 f - 16 rations
 J - 6 chunks of flesh


   Skills:
 * Level 9.6 Fighting
 * Level 9.1 Long Blades
 + Level 4.9 Throwing
 + Level 9.4 Armour
 * Level 5.4 Dodging
 * Level 9.5 Shields
 + Level 5.3 Unarmed Combat
 + Level 4.1 Invocations


You had 10 spell levels left.
You didn't know any spells.
Your spell library contained the following spells:

 Spells                   Type           Power        Failure   Level  Hunger
 Animate Skeleton         Necr           N/A          77%         1    ##.....
 Apportation              Tloc           #.....       77%         1    ##.....
 Confusing Touch          Hex            #.....       77%         1    ##.....
 Infusion                 Chrm           #...         77%         1    ##.....
 Pain                     Necr           #...         77%         1    ##.....
 Summon Small Mammal      Summ           #...         77%         1    ##.....
 Shroud of Golubria       Chrm/Tloc      #.........   88%         2    ###....
 Song of Slaying          Chrm           #.......     88%         2    ###....
 Regeneration             Chrm/Necr      #.........   98%         3    ####...
 Spectral Weapon          Hex/Chrm       #.......     98%         3    ####...
 Vampiric Draining        Necr           #.........   98%         3    ####...
 Animate Dead             Necr           N/A          100%        4    #####..


Dungeon Overview and Level Annotations

Branches:
Dungeon (10/15)            Temple (0/1) D:5
   Lair: D:8-11         Orc: D:9-12

Altars:
Cheibriados
Dithmenos
Gozag
Hepliaklqana
Qazlal
Ru
Sif Muna
Trog
Wu Jian
Zin
The Shining One

Shops:
D:4 [:


Innate Abilities, Weirdness & Mutations

You reflexively headbutt those who attack you in melee.
You have a pair of horns on your head.


Message History

* * * LOW HITPOINT WARNING * * *
You feel much better. You block the deep elf knight's attack.
The deep elf knight hits you with a +0 scimitar!
* * * LOW HITPOINT WARNING * * *
You hit the deep elf knight.
The deep elf knight is lightly wounded.
The deep elf knight hits you with a +0 scimitar!
* * * LOW HITPOINT WARNING * * *
You slash the deep elf knight!
The deep elf knight is moderately wounded.
The deep elf knight hits you with a +0 scimitar!
* * * LOW HITPOINT WARNING * * *
You feel yourself speed up.
The deep elf knight hits you with a +0 scimitar!!
The Shining One protects you from harm!
The deep elf knight unwields a +0 scimitar.
The deep elf knight wields a +0 shortbow.
The deep elf knight shoots an arrow.
The arrow barely misses you.
The deep elf knight shoots an arrow.
The arrow hits you!
You die... #'##.#.#..#.# eee

...#.#....#.# ..
...#.###.##.# ##.#
...#...)....# #..
##)†.÷.#.#..######.###
#..))#.#.#........e))#
#......#.#.#########(#
#....###.#.# #(..e.#
#....# ###.#####@#####
###.## #.....#.# # #.#
#####.#.# ###.# #...#
#...##### #####
#.#.....###
#.<.......#
###.....#.# #.......#


You could see a deep elf knight.

Vanquished Creatures
  A tengu warrior (D:10)
  A two-headed ogre (D:8)
  A deep elf knight (D:10)
  Joseph (D:10)
  A hornet (D:9)
  2 hippogriffs (D:8)
  Grinder (D:3)
  3 yaks (D:10)
  A water moccasin (D:10)
  3 ice beasts
  A black bear (D:7)
  An orc warrior (D:6)
  An eye of draining (D:6)
  2 sky beasts
  2 necrophages
  A phantom (D:5)
  9 ogres
  3 centaurs
  A big kobold (D:7)
  2 elf zombies (D:8)
  6 elf skeletons (D:8)
  A gnoll sergeant (D:8)
  4 bullfrogs
  A wyvern skeleton (D:6)
  3 scorpions
  5 wights (D:6)
  7 howler monkeys
  A crimson imp (D:10)
  A human zombie (D:8)
  4 orc priests
  7 hounds
  2 jellies
  3 gnoll shamans
  7 orc wizards
  A human skeleton (D:8)
  A centaur skeleton (D:5)
  An iguana (D:6)
  Natasha (twice) (D:2)
  5 worker ants
  A killer bee zombie (D:5)
  7 big kobold zombies (Ossuary)
  2 hound zombies
  A hound skeleton (D:5)
  A mummy (Ossuary)
  27 gnolls
  11 adders
  5 shadow imps
  2 oozes
  An adder zombie (D:8)
  2 dart slugs
  6 leopard geckos
  27 orcs
  2 spectral bats (Ossuary)
  4 giant cockroaches
  5 gnoll zombies (Ossuary)
  10 goblins
  8 hobgoblins
  17 jackals
  13 kobolds
  9 quokkas
  2 ball pythons
  11 bats
  2 bat simulacra (Ossuary)
  6 frilled lizards
  3 goblin simulacra (Ossuary)
  5 goblin zombies (Ossuary)
  3 hobgoblin zombies (Ossuary)
  A kobold simulacrum (Ossuary)
  8 kobold zombies (Ossuary)
  A leopard gecko skeleton (D:6)
  A leopard gecko zombie (D:8)
  3 orc zombies
  7 rats
  A rat simulacrum (Ossuary)
  2 spectral goblins (Ossuary)
  4 spectral kobolds (Ossuary)
  3 spectral rats (Ossuary)
324 creatures vanquished.

Vanquished Creatures (others)
  A deep elf knight (D:10)
  A centaur (D:10)
2 creatures vanquished.

Grand Total: 326 creatures vanquished

Notes
Turn   | Place    | Note
-------+----------+-------------------------------------------
     0 | D:1      | Mrkaede the Minotaur Fighter began the quest for the Orb.
     0 | D:1      | Reached XP level 1. HP: 19/19 MP: 0/0
   128 | D:1      | Reached XP level 2. HP: 24/27 MP: 1/1
   291 | D:1      | Reached XP level 3. HP: 32/33 MP: 2/2
   868 | D:2      | Reached XP level 4. HP: 40/40 MP: 3/3
   991 | D:2      | Noticed Natasha
   996 | D:2      | Killed Natasha
  1013 | D:2      | Reached skill level 1 in Dodging
  1182 | D:2      | Reached XP level 5. HP: 42/47 MP: 4/4
  1296 | D:2      | Noticed Natasha
  1305 | D:2      | Killed Natasha
  2215 | D:3      | Noticed Grinder
  2218 | D:3      | Paralysed by Grinder for 6 turns
  2232 | D:3      | Killed Grinder
  2232 | D:3      | Reached skill level 5 in Fighting
  2232 | D:3      | Reached skill level 1 in Throwing
  2232 | D:3      | Reached skill level 5 in Armour
  2232 | D:3      | Reached skill level 5 in Shields
  2232 | D:3      | Reached skill level 1 in Unarmed Combat
  2232 | D:3      | Reached XP level 6. HP: 22/56 MP: 5/5
  2465 | D:3      | Found a shadowy altar of Dithmenos.
  2542 | D:4      | Reached XP level 7. HP: 11/61 MP: 6/6
  2792 | D:4      | Found a glowing golden altar of the Shining One.
  2799 | D:4      | Became a worshipper of the Shining One
  2910 | D:4      | Reached skill level 5 in Long Blades
  3414 | D:4      | Found Noits's Antique Armour Boutique.
  3500 | D:4      | Found Osib's Book Shop.
  3654 | D:5      | Entered Level 5 of the Dungeon
  3699 | D:5      | Reached XP level 8. HP: 35/70 MP: 7/7
  3703 | D:5      | HP: 1/70 [gnoll/+0 spear (9)]
  3992 | D:5      | Found a staircase to the Ecumenical Temple.
  4211 | D:5      | Reached * piety under the Shining One
  4262 | D:5      | Found a glowing silver altar of Zin.
  4264 | D:5      | Found a stormy altar of Qazlal.
  4265 | D:5      | Found a snail-covered altar of Cheibriados.
  4265 | D:5      | Found an opulent altar of Gozag.
  4268 | D:5      | Found a hazy altar of Hepliaklqana.
  4303 | D:5      | Reached skill level 1 in Invocations
  4401 | D:5      | Found a sacrificial altar of Ru.
  4892 | D:6      | Reached XP level 9. HP: 79/79 MP: 9/9
  4893 | D:6      | Reached ** piety under the Shining One
  5380 | D:6      | Found a bloodstained altar of Trog.
  6347 | D:7      | You fall through a shaft for 2 floors!
  6490 | D:8      | Found a sand-covered staircase.
  6500 | Ossuary  | Entered an ossuary
  6505 | Ossuary  | Reached *** piety under the Shining One
  6560 | Ossuary  | Reached **** piety under the Shining One
  6689 | Ossuary  | Reached ***** piety under the Shining One
  6905 | D:8      | Reached XP level 10. HP: 86/88 MP: 11/11
  7438 | D:8      | Noticed a two-headed ogre
  7446 | D:8      | Killed a two-headed ogre
  8133 | D:9      | Found an ornate altar of the Wu Jian Council.
  8250 | D:7      | Found an opulent altar of Gozag.
  8601 | D:10     | Entered Level 10 of the Dungeon
  8610 | D:10     | Reached skill level 5 in Unarmed Combat
  8625 | D:10     | Reached skill level 5 in Dodging
  8720 | D:9      | Found a deep blue altar of Sif Muna.
  9037 | D:10     | Noticed a tengu warrior
  9056 | D:10     | Killed a tengu warrior
  9056 | D:10     | Reached XP level 11. HP: 50/97 MP: 12/12
  9173 | D:10     | Noticed Joseph
  9175 | D:10     | Noticed a deep elf knight
  9175 | D:10     | Noticed a deep elf knight
  9175 | D:10     | Noticed a deep elf knight
  9189 | D:10     | Killed Joseph
  9189 | D:10     | Killed a deep elf knight
  9193 | D:10     | Killed a deep elf knight
  9200 | D:10     | The Shining One protects you from harm!
  9202 | D:10     | Shot with an arrow by a deep elf knight

Skill      XL: |  1  2  3  4  5  6  7  8  9 10 11 |
---------------+----------------------------------+-----
Armour         | 4 5 6 7 8 9 |  9.4
Fighting       | 4 5 6 7 8 9 |  9.6
Shields        | 4 5 6 7 8 9 |  9.5
Long Blades    | 3 4 5 6 7 8 9 |  9.1
Dodging        | 1 2 3 4 5 |  5.4
Throwing       | 1 2 3 4 |  4.9
Unarmed Combat | 1 2 3 4 5 |  5.3
Invocations    | 1 2 3 4 |  4.1

Action                   |  1- 3 |  4- 6 |  7- 9 | 10-12 || total
-------------------------+-------+-------+-------+-------++-------
Melee: Long sword        |    96 |   145 |   463 |   269 ||   973
       Headbutt          |    16 |    29 |   114 |    54 ||   213
       Unarmed           |       |       |     5 |       ||     5
Throw: Tomahawk          |       |     1 |       |     1 ||     2
  Use: Scroll            |       |       |    19 |     2 ||    21
       Potion            |       |       |     2 |     3 ||     5
  Eat: Chunk             |       |     2 |    11 |     2 ||    15
       Ration            |       |     1 |     1 |     2 ||     4
Armor: Scale mail        |    47 |    55 |   113 |    77 ||   292
       Leather armour    |       |       |       |     1 ||     1
Dodge: Dodged            |    46 |    48 |   131 |    91 ||   316
Block: Shield            |    58 |    76 |   288 |   204 ||   626
       Reflection        |       |       |    18 |    11 ||    29
       Other             |       |       |     2 |       ||     2
       Rpst.: Long sword |    18 |    12 |    29 |    24 ||    83
